3AA
GLENDALE HERONS @ VIRGINIA BEACH DEUCES
07/26/2028
 
TOP OF THE 1ST
Glendale Herons batting - Pitching for Virginia Beach Deuces : LHP Miguel López
Pitching: LHP Miguel López
Batting: RHB Salvador Bueno 0-0: Ball
1-0: Foul Ball, location: 2F
1-1: Ball
2-1: Swinging Strike
2-2: Ball
3-2: Ground out 4-3 (Groundball, 4)
Batting: SHB Yun-qi Chien 0-0: Called Strike
0-1: Swinging Strike
0-2: Strikes out swinging
Batting: LHB Jin-song Seah 0-0: Ground out 4-3 (Groundball, 4S)
Top of the 1st over - 0 run(s), 0 hit(s), 0 error(s), 0 left on base; Glendale 0 - Virginia Beach 0
BOTTOM OF THE 1ST
Virginia Beach Deuces batting - Pitching for Glendale Herons : LHP Yoriyoshi Yoshimura
Pitching: LHP Yoriyoshi Yoshimura
Batting: LHB Atílio Mansilhas 0-0: Fly out, F7 (Flyball, 7S)
Batting: RHB Harry Freidricks 0-0: Ground out 5-3 (Groundball, 5S)
Batting: SHB Carlos Pérez 0-0: Called Strike
0-1: Ball
1-1: SINGLE (Flyball, 9LS)
Batting: RHB Andrew Crosby 0-0: Called Strike
0-1: Called Strike
0-2: Strikes out swinging
Bottom of the 1st over - 0 run(s), 1 hit(s), 0 error(s), 1 left on base; Glendale 0 - Virginia Beach 0
TOP OF THE 2ND
Glendale Herons batting - Pitching for Virginia Beach Deuces : LHP Miguel López
Batting: RHB Claudio Tappen 0-0: Called Strike
0-1: Ball
1-1: Called Strike
1-2: Ball
2-2: Strikes out swinging
Batting: RHB Héctor Moreno 0-0: Called Strike
0-1: Swinging Strike
0-2: Ball
1-2: Foul Ball, location: 2F
1-2: Ball
2-2: Fly out, F9 (Flyball, 9S)
Batting: LHB Jerry Wilson 0-0: Called Strike
0-1: Ball
1-1: Ball
2-1: Called Strike
2-2: Ball
3-2: Strikes out looking
Top of the 2nd over - 0 run(s), 0 hit(s), 0 error(s), 0 left on base; Glendale 0 - Virginia Beach 0
BOTTOM OF THE 2ND
Virginia Beach Deuces batting - Pitching for Glendale Herons : LHP Yoriyoshi Yoshimura
Batting: RHB Júlio Becerra 0-0: Ball
1-0: Fly out, F7 (Flyball, 7LM)
Batting: RHB Rojo Nasution 0-0: Ball
1-0: Ball
2-0: Ball
3-0: Called Strike
3-1: Swinging Strike
3-2: Foul Ball, location: 2F
3-2: Foul Ball, location: 2F
3-2: Foul Ball, location: 2F
3-2: Foul Ball, location: 2F
3-2: Base on Balls
Batting: RHB Jody Lemoine 0-0: Ball
1-0: Called Strike
1-1: Swinging Strike
1-2: Strikes out swinging
Batting: LHB Ramón Castro 0-0: Called Strike
0-1: Ball
1-1: Foul Ball, location: 2F
1-2: Ball
2-2: Ball
Rojo Nasution steals 2nd base
3-2: Foul Ball, location: 2F
3-2: Foul Ball, location: 2F
3-2: Ground out 4-3 (Groundball, 4)
Bottom of the 2nd over - 0 run(s), 0 hit(s), 0 error(s), 1 left on base; Glendale 0 - Virginia Beach 0
TOP OF THE 3RD
Glendale Herons batting - Pitching for Virginia Beach Deuces : LHP Miguel López
Batting: RHB Augusto Ferrales 0-0: Foul Ball, location: 2F
0-1: Ball
1-1: Ground out 3-1 (Groundball, 34S)
Batting: SHB Pedro Vásquez 0-0: Ball
1-0: Foul Ball, location: 2F
1-1: Ball
2-1: Ground out 6-3 (Groundball, 6)
Batting: RHB Takechi Okubo 0-0: Called Strike
0-1: Swinging Strike
0-2: Strikes out swinging
Top of the 3rd over - 0 run(s), 0 hit(s), 0 error(s), 0 left on base; Glendale 0 - Virginia Beach 0
BOTTOM OF THE 3RD
Virginia Beach Deuces batting - Pitching for Glendale Herons : LHP Yoriyoshi Yoshimura
Batting: SHB Leo Szilard 0-0: Ball
1-0: Ground out 6-3 (Groundball, 6)
Batting: LHB Atílio Mansilhas 0-0: Foul Ball, location: 2F
0-1: Ball
1-1: Ground out U3 (Groundball, 3)
Batting: RHB Harry Freidricks 0-0: Called Strike
0-1: Ground out 4-3 (Groundball, 4MS)
Bottom of the 3rd over - 0 run(s), 0 hit(s), 0 error(s), 0 left on base; Glendale 0 - Virginia Beach 0
TOP OF THE 4TH
Glendale Herons batting - Pitching for Virginia Beach Deuces : LHP Miguel López
Batting: RHB Salvador Bueno 0-0: Fly out, F8 (Flyball, 8RM)
Batting: SHB Yun-qi Chien 0-0: Called Strike
0-1: DOUBLE (Flyball, 78XD)
Batting: LHB Jin-song Seah 0-0: Ground out 3-1 (Groundball, 34)
Yun-qi Chien to third
Batting: RHB Claudio Tappen 0-0: Called Strike
0-1: Foul Ball, location: 2F
0-2: Foul Ball, location: 2F
0-2: DOUBLE (Line Drive, 5D)
Yun-qi Chien scores
Batting: RHB Héctor Moreno 0-0: Ball
1-0: Called Strike
1-1: Ball
2-1: Foul Ball, location: 2F
2-2: Foul Ball, location: 2F
2-2: Hit by Pitch
Batting: LHB Jerry Wilson 0-0: Called Strike
0-1: Foul Ball, location: 2F
0-2: Strikes out swinging
Top of the 4th over - 1 run(s), 2 hit(s), 0 error(s), 2 left on base; Glendale 1 - Virginia Beach 0
BOTTOM OF THE 4TH
Virginia Beach Deuces batting - Pitching for Glendale Herons : LHP Yoriyoshi Yoshimura
Batting: SHB Carlos Pérez 0-0: Foul Ball, location: 2F
0-1: Swinging Strike
0-2: Ball
1-2: Fly out, F7 (Flyball, 7LS)
Batting: RHB Andrew Crosby 0-0: Ball
1-0: Fly out, F8 (Flyball, 8RM)
Batting: RHB Júlio Becerra 0-0: Swinging Strike
0-1: Called Strike
0-2: Ball
1-2: SOLO HOME RUN (Flyball, 8LXD), Distance : 438 ft
Batting: RHB Rojo Nasution 0-0: Ball
1-0: Ball
2-0: Ground out 4-3 (Groundball, 4)
Bottom of the 4th over - 1 run(s), 1 hit(s), 0 error(s), 0 left on base; Glendale 1 - Virginia Beach 1
TOP OF THE 5TH
Glendale Herons batting - Pitching for Virginia Beach Deuces : LHP Miguel López
Batting: RHB Augusto Ferrales 0-0: Foul Ball, location: 2F
0-1: Called Strike
0-2: Strikes out swinging, 2-3 out at first.
Batting: SHB Pedro Vásquez 0-0: Ball
1-0: Fly out, F9 (Flyball, 9)
Batting: RHB Takechi Okubo 0-0: Foul Ball, location: 2F
0-1: Fly out, F8 (Flyball, 8RD)
Top of the 5th over - 0 run(s), 0 hit(s), 0 error(s), 0 left on base; Glendale 1 - Virginia Beach 1
BOTTOM OF THE 5TH
Virginia Beach Deuces batting - Pitching for Glendale Herons : LHP Yoriyoshi Yoshimura
Batting: RHB Jody Lemoine 0-0: Ball
1-0: Fly out, F8 (Line Drive, 8RM)
Batting: LHB Ramón Castro 0-0: Ball
1-0: Foul Ball, location: 2F
1-1: Foul Ball, location: 2F
1-2: Ball
2-2: Ball
3-2: SINGLE (Line Drive, 4MD)
Batting: SHB Leo Szilard 0-0: Foul Ball, location: 2F
0-1: Ball
1-1: Foul Ball, location: 2F
1-2: SINGLE (Groundball, 4MD)
Ramón Castro to second
Runner from 2nd tries for 3rd, SAFE, throw made to third
Now in CF: Jesús Herrera
Batting: LHB Atílio Mansilhas 0-0: Called Strike
Leo Szilard steals 2nd base
0-1: SINGLE (Groundball, 34) (infield hit)
Ramón Castro scores
Leo Szilard to third
Batting: RHB Harry Freidricks 0-0: Ball
1-0: Called Strike
1-1: Foul Ball, location: 2F
1-2: Ball
2-2: Foul Ball, location: 2F
2-2: Strikes out swinging
Batting: SHB Carlos Pérez 0-0: Ball
1-0: Ball
2-0: Foul Ball, location: 2F
2-1: Called Strike
2-2: Foul Ball, location: 2F
2-2: Ball
3-2: Base on Balls
Atílio Mansilhas to second
Batting: RHB Andrew Crosby 0-0: Ball
1-0: Ball
2-0: Swinging Strike
2-1: Ball
3-1: Foul Ball, location: 2F
3-2: Fly out, F9 (Flyball, 9LSF)
Bottom of the 5th over - 1 run(s), 3 hit(s), 0 error(s), 3 left on base; Glendale 1 - Virginia Beach 2
TOP OF THE 6TH
Glendale Herons batting - Pitching for Virginia Beach Deuces : LHP Miguel López
Batting: RHB Salvador Bueno 0-0: Called Strike
0-1: Ball
1-1: Swinging Strike
1-2: Strikes out swinging
Batting: SHB Yun-qi Chien 0-0: Foul Ball, location: 2F
0-1: Called Strike
0-2: Ground out 1-3 (Groundball, 13)
Batting: LHB Jin-song Seah 0-0: Ball
1-0: Ground out U3 (Groundball, 3S)
Top of the 6th over - 0 run(s), 0 hit(s), 0 error(s), 0 left on base; Glendale 1 - Virginia Beach 2
BOTTOM OF THE 6TH
Virginia Beach Deuces batting - Pitching for Glendale Herons : LHP Yoriyoshi Yoshimura
Batting: RHB Júlio Becerra 0-0: Called Strike
0-1: Foul Ball, location: 2F
0-2: Ball
1-2: SINGLE (Line Drive, 8LS)
Batting: RHB Rojo Nasution 0-0: Sac Bunt - play at second, runner OUT! 5-6
Batting: RHB Jody Lemoine 0-0: Called Strike
0-1: Ball
Rojo Nasution steals 2nd base
1-1: Swinging Strike
1-2: Foul Ball, location: 2F
1-2: Foul Ball, location: 2F
1-2: Strikes out swinging
Batting: LHB Ramón Castro 0-0: Called Strike
0-1: Ball
1-1: Ball
2-1: Ball
3-1: Swinging Strike
3-2: Foul Ball, location: 2F
3-2: Foul Ball, location: 2F
3-2: Foul Ball, location: 2F
3-2: Base on Balls
Batting: SHB Leo Szilard 0-0: Ball
1-0: Foul Ball, location: 2F
1-1: Fly out, F9 (Flyball, 9S)
Bottom of the 6th over - 0 run(s), 1 hit(s), 0 error(s), 2 left on base; Glendale 1 - Virginia Beach 2
TOP OF THE 7TH
Glendale Herons batting - Pitching for Virginia Beach Deuces : LHP Miguel López
Now at 2B: Robert Emmet Odlum
Batting: SHB Jesús Herrera 0-0: Called Strike
0-1: Ball
1-1: Ball
2-1: Swinging Strike
2-2: Ball
3-2: Foul Ball, location: 2F
3-2: Fly out, F6 (Line Drive, 6M)
Batting: RHB Héctor Moreno 0-0: Called Strike
0-1: Foul Ball, location: 2F
0-2: Ball
1-2: Foul Ball, location: 2F
1-2: Ball
2-2: Ball
3-2: SINGLE (Line Drive, 6D)
Pinch Hitting: RHB Álex Cordero 0-0: Foul Ball, location: 2F
0-1: Called Strike
0-2: 2-RUN HOME RUN (Flyball, 78XD), Distance : 437 ft
Batting: RHB Augusto Ferrales 0-0: Fly out, F9 (Flyball, 9)
Batting: SHB Pedro Vásquez 0-0: Swinging Strike
0-1: Called Strike
0-2: Foul Ball, location: 2F
0-2: Strikes out looking
Top of the 7th over - 2 run(s), 2 hit(s), 0 error(s), 0 left on base; Glendale 3 - Virginia Beach 2
BOTTOM OF THE 7TH
Virginia Beach Deuces batting - Pitching for Glendale Herons : LHP Yoriyoshi Yoshimura
Now at 1B: José Rodríguez
Batting: LHB Atílio Mansilhas 0-0: Called Strike
0-1: Called Strike
0-2: Ball
1-2: SINGLE (Groundball, 6D)
Pitching: LHP Sammy Nash
Pinch Hitting: RHB Luis Jelarde 0-0: Ball
1-0: Ball
2-0: Sac Bunt - play at first, batter OUT! 1-4
Atílio Mansilhas to second
Batting: SHB Carlos Pérez 0-0: Ball
1-0: Ball
2-0: Foul Ball, location: 2F
2-1: Ground out 1-3 (Groundball, 15S)
Batting: RHB Andrew Crosby 0-0: Called Strike
0-1: Swinging Strike
0-2: Fly out, F4 (Popup, 4MD)
Bottom of the 7th over - 0 run(s), 1 hit(s), 0 error(s), 1 left on base; Glendale 3 - Virginia Beach 2
TOP OF THE 8TH
Glendale Herons batting - Pitching for Virginia Beach Deuces : LHP Miguel López
Now in LF: Luis Jelarde
Batting: RHB Takechi Okubo 0-0: Ball
1-0: Swinging Strike
1-1: Swinging Strike
1-2: SINGLE (Groundball, 6D)
Pitching: RHP César Galló
Batting: RHB Salvador Bueno 0-0: Called Strike
0-1: Ball
1-1: Ball
2-1: Sac Bunt - play at first, batter OUT! 5-4
Takechi Okubo to second
Batting: SHB Yun-qi Chien 0-0: Ball
1-0: Ball
2-0: SINGLE (Line Drive, 7S)
Takechi Okubo to third
Batting: LHB Jin-song Seah 0-0: Called Strike
0-1: Ball
1-1: Ball
2-1: Called Strike
Yun-qi Chien is caught stealing 2nd base
2-2: Ground out U3 (Groundball, 34)
Top of the 8th over - 0 run(s), 2 hit(s), 0 error(s), 1 left on base; Glendale 3 - Virginia Beach 2
BOTTOM OF THE 8TH
Virginia Beach Deuces batting - Pitching for Glendale Herons : LHP Sammy Nash
Pitching: RHP Ted Thompson
Batting: RHB Júlio Becerra 0-0: Ground out 4-3 (Groundball, 34D)
Batting: RHB Rojo Nasution 0-0: Swinging Strike
0-1: Swinging Strike
0-2: Ball
1-2: Foul Ball, location: 2F
1-2: Strikes out swinging
Batting: RHB Jody Lemoine 0-0: Hit by Pitch
Pinch Hitting: SHB Juan Perales 0-0: Foul Ball, location: 2F
0-1: Foul Ball, location: 2F
0-2: Foul Ball, location: 2F
0-2: Strikes out swinging
Bottom of the 8th over - 0 run(s), 0 hit(s), 0 error(s), 1 left on base; Glendale 3 - Virginia Beach 2
TOP OF THE 9TH
Glendale Herons batting - Pitching for Virginia Beach Deuces : RHP César Galló
Now at 2B: Gerald Sims
Batting: SHB Jesús Herrera 0-0: Called Strike
0-1: Ball
1-1: Ball
2-1: Foul Ball, location: 2F
2-2: Ball
3-2: Foul Ball, location: 2F
3-2: Foul Ball, location: 2F
3-2: Fly out, F7 (Flyball, 7S)
Batting: RHB Héctor Moreno 0-0: Foul Ball, location: 2F
0-1: Swinging Strike
0-2: Foul Ball, location: 2F
0-2: Ball
1-2: Foul Ball, location: 2F
1-2: Ground out U3 (Groundball, 3S)
Batting: LHB José Rodríguez 0-0: Reached on error, E6 (Groundball, 6)
Batting: RHB Augusto Ferrales 0-0: Ball
1-0: Ball
2-0: Ground out 6-3 (Groundball, 6)
Top of the 9th over - 0 run(s), 0 hit(s), 1 error(s), 1 left on base; Glendale 3 - Virginia Beach 2
BOTTOM OF THE 9TH
Virginia Beach Deuces batting - Pitching for Glendale Herons : RHP Ted Thompson
Pitching: LHP Nick Riviera
Now at C: Santiago Ramos
Pinch Hitting: RHB Daniel Ruíz 0-0: Called Strike
0-1: Swinging Strike
0-2: Ball
1-2: Ball
2-2: Ball
3-2: Strikes out swinging
Pinch Hitting: RHB Victor Housel 0-0: Called Strike
0-1: Called Strike
0-2: Strikes out swinging
Batting: RHB Luis Jelarde 0-0: Ball
1-0: Ball
2-0: Foul Ball, location: 2F
2-1: Ball
3-1: Ground out 5-3 (Groundball, 56)
Bottom of the 9th over - 0 run(s), 0 hit(s), 0 error(s), 0 left on base; Glendale 3 - Virginia Beach 2
Friday, August 18th, 2017 - OOTP Baseball 17.12 Build 75